 Dungeon Crawl Stone Soup version 0.30-a0-297-g0ec75d9ef4 (webtiles) character file.

Game seed: 12464000563058219506

7 blackman the Sneak (level 2, -9/24 HPs)
             Began as a Human Delver on Oct 20, 2022.
             Was an Initiate of the Shining One.
             Mangled by an iguana (11 damage)
             ... on level 5 of the Dungeon.
             The game lasted 00:01:45 (654 turns).

blackman the Sneak (Human Delver)                    Turns: 654, Time: 00:01:46

Health: -9/24      AC:  3    Str: 12    XL:     2   Next: 5%
Magic:  2/2        EV: 12    Int: 10    God:    the Shining One [......]
Gold:   39         SH:  0    Dex: 14    Spells: 1/1 levels left

rFire   . . .      SeeInvis .    a - +0 falchion
rCold   . . .      Faith    .    (no shield)
rNeg    . . .      Spirit   .    b - +0 leather armour
rPois   .          Reflect  .    (no helmet)
rElec   .          Harm     .    (no cloak)
rCorr   .          Rampage  .    (no gloves)
Will    .....                    (no boots)
Stlth   +.........               (no amulet)
HPRegen 0.24/turn                (no ring)
MPRegen 0.08/turn                (no ring)

@: glowing
A: no striking features
a: Renounce Religion


You were on level 5 of the Dungeon.
You worshipped the Shining One.
The Shining One was noncommittal.
You visited 1 branch of the dungeon, and saw 2 of its levels.

You collected 39 gold pieces.

Inventory:

Hand Weapons
 a - a +0 falchion (weapon)
Armour
 b - a +0 leather armour (worn)
Wands
 g - a wand of digging (3)
Scrolls
 c - a scroll of fog
 j - 2 scrolls of identify {unknown}
 l - a scroll of vulnerability {unknown}
 o - a scroll of blinking {unknown}
Potions
 d - a potion of brilliance {unknown}
 f - 3 potions of haste
 h - 2 potions of mutation {unknown}
 i - a potion of flight {unknown}
 k - a potion of lignification {unknown}
 m - a potion of curing {unknown}
 n - a potion of magic {unknown}


   Skills:
 + Level 3.1 Fighting
 + Level 2.1 Long Blades
 + Level 2.1 Dodging
 + Level 5.1 Stealth


You had one spell level left.
You didn't know any spells.
Your spell library contained the following spells:

 Spells                   Type           Power      Damage    Failure   Level
 Scorch                   Fire           0%         2d5       58%         2
 Flame Wave               Conj/Fire      0%         2d4       99%         4
 Summon Cactus Giant      Summ           0%         N/A       100%        6


Dungeon Overview and Level Annotations

Branches:
Dungeon (6/15)
 Temple: D:4-7

Altars:
Trog
Uskayaw
The Shining One


Message History

There is a stone staircase leading down here.
You start resting.
HP restored.
You start waiting.
Done waiting.
You start waiting.
Done waiting.
An iguana comes into view.
An iguana is nearby!
An iguana is nearby!
You barely miss the iguana. The iguana bites you.
You hit the iguana but do no damage.
The iguana bites you but does no damage.
You hit the iguana.
The iguana is moderately wounded.
The iguana barely misses you.
You hit the iguana but do no damage.
The iguana is moderately wounded.
The iguana bites you.
You hit the iguana but do no damage.
The iguana is moderately wounded.
The iguana bites you.
You hit the iguana but do no damage.
The iguana is moderately wounded.
The iguana bites you. The iguana barely misses you.
You hit the iguana.
The iguana is moderately wounded.
The iguana bites you.
You hit the iguana.
The iguana is heavily wounded.
The iguana bites you!
* * * LOW HITPOINT WARNING * * *
You barely miss the iguana.
The iguana is heavily wounded.
The iguana bites you.
* * * LOW HITPOINT WARNING * * *
You completely miss the iguana.
The iguana is heavily wounded.
The iguana bites you!
You die...

#.# #.# #.# ...
#.# #.# #l##
##@.##
.########....####
.......>........+
.#######.....####
#.#.#.## ##.####
#. #. #.


You could see an iguana.

Vanquished Creatures
  An ufetubus (D:6)
  A quokka (D:5)
2 creatures vanquished.

Notes
Turn   | Place    | Note
-------+----------+-------------------------------------------
     0 | D:5      | blackman the Human Delver began the quest for the Orb.
     0 | D:5      | Reached XP level 1. HP: 18/18 MP: 1/1
   263 | D:6      | Reached XP level 2. HP: 14/24 MP: 2/2
   269 | D:6      | Found a hide-covered altar of Uskayaw.
   269 | D:6      | Found a bloodstained altar of Trog.
   269 | D:6      | Found a glowing golden altar of the Shining One.
   337 | D:6      | Became a worshipper of the Shining One
   383 | D:6      | Noticed a bullfrog
   654 | D:5      | Mangled by an iguana

Illustrated notes

Levels and vault maps discovered:
D:5:      layout_loops_corners, nicolae_hepliaklqana_hippocampus,
          minmay_strange_pillars, st_stairs_13
D:6:      layout_basic, gammafunk_temple_overflow_claw, serial_glass,
          glass_columns_c, glass_columns_c, minmay_strange_pillars,
          feat_on_display

Action                   || total
-------------------------++-------
Melee: Falchion          ||    14
  Use: Scroll            ||     2
 Stab: Sleeping          ||     1
Armor: Leather armour    ||     6
Dodge: Dodged            ||    10

Table legend: (Time is in decaauts)
 A = Elapsed time spent in this place.
 B = Non-inter-level travel time spent in this place.
 C = Inter-level travel time spent in this place.
 D = Time resting spent in this place.
 E = Time spent auto-exploring this place.
 F = Levels seen in this place.
 G = Mean time per level.
                   A        B        C        D        E       F      G
               +--------+--------+--------+--------+--------+-----+--------+
         Total |    656 |    616 |     40 |    240 |    206 |   2 |  328.0 |
       Dungeon |    656 |    616 |     40 |    240 |    206 |   2 |  328.0 |
               +--------+--------+--------+--------+--------+-----+--------+

Top non-repeatable levels by time:
     D:5: 450 daAuts
     D:6: 205 daAuts
